 Dungeon Crawl Stone Soup version 0.24.0-13-gcf9b3192b9 (webtiles) character file.

Game seed: 4075372443571047844, levelgen mode: deterministic

6020 DarthUnicorn the Ogre Mage (level 10, -6/102 HPs)
             Began as an Ogre Skald on Nov 6, 2019.
             Was an Elder of the Shining One.
             Mangled by an eight-headed hydra (10 damage)
             ... on level 9 of the Dungeon.
             The game lasted 00:49:34 (7341 turns).

DarthUnicorn the Ogre Mage (Ogre Skald)             Turns: 7341, Time: 00:49:35

Health: -6/102     AC:  6    Str: 23    XL:     10   Next: 86%
Magic:  23/23      EV: 11    Int: 14    God:    the Shining One [****..]
Gold:   397        SH:  0    Dex:  8    Spells: 19/27 levels left

rFire    . . .     SeeInvis .   M - +5 flail
rCold    . . .     Gourm    .   (no shield)
rNeg     + + .     Faith    .   N - +0 troll leather armour
rPois    .         Spirit   .   (helmet restricted)
rElec    .         Reflect  .   H - +0 cloak
rCorr    .         Harm     .   (gloves unavailable)
MR       +....                  (boots unavailable)
Stlth    +.........             (no amulet)
HPRegen  0.67/turn              p - +3 ring of strength
MPRegen  0.18/turn              (no ring)

@: glowing
A: large, unfitting armour, tough skin 1
a: Divine Shield, Cleansing Flame, Renounce Religion


You were on level 9 of the Dungeon.
You worshipped the Shining One.
The Shining One was greatly pleased with you.
You were not hungry.

You visited 1 branch of the dungeon, and saw 9 of its levels.

You collected 397 gold pieces.

Inventory:

Hand Weapons
 w - a +0 giant club
 D - a +0 giant spiked club
 M - a +5 flail (weapon)
Missiles
 k - 12 poisoned darts
 s - 5 silver javelins
 G - 2 large rocks (quivered)
Armour
 y - a +0 robe of positive energy
 H - a +0 cloak (worn)
 I - a scarf of repulsion
 N - a +0 troll leather armour (worn)
 O - a +2 robe of magic resistance
Jewellery
 p - a +3 ring of strength (left hand)
Wands
 u - a wand of paralysis (4)
 E - a wand of iceblast (9)
 F - a wand of flame (18)
Scrolls
 a - 5 scrolls of identify {unknown}
 c - a scroll of noise {unknown}
 i - 3 scrolls of amnesia
 l - a scroll of random uselessness {unknown}
 m - 2 scrolls of immolation {unknown}
 n - a scroll of fog {unknown}
 o - 2 scrolls of fear {unknown}
 r - 3 scrolls of enchant weapon
 t - 4 scrolls of teleportation {unknown}
 A - a scroll of enchant armour {unknown}
 J - 2 scrolls of remove curse {unknown}
 K - a scroll of torment {unknown}
 L - 2 scrolls of magic mapping {unknown}
Potions
 e - a potion of resistance {unknown}
 f - 7 potions of heal wounds {unknown}
 g - 4 potions of brilliance {unknown}
 h - a potion of mutation {unknown}
 j - 3 potions of haste {unknown}
 q - 2 potions of lignification {unknown}
 v - a potion of agility {unknown}
 x - 3 potions of ambrosia {unknown}
 z - a potion of experience {unknown}
 B - 5 potions of curing
 C - a potion of cancellation {unknown}
Comestibles
 b - 15 chunks of flesh
 d - 18 rations


   Skills:
 + Level 7.4 Fighting
 + Level 9.0 Maces & Flails
 + Level 0.1 Armour
 + Level 5.8 Dodging
 + Level 9.2 Spellcasting
 - Level 2.0 Hexes
 - Level 5.0 Charms
 - Level 2.0 Translocations
 + Level 0.9 Evocations


You had 19 spell levels left.
You knew the following spells:

 Your Spells              Type           Power        Failure   Level  Hunger
a - Infusion              Chrm           ###.         1%          1    None
b - Song of Slaying       Chrm           ###.....     2%          2    None
c - Shroud of Golubria    Chrm/Tloc      ###...       4%          2    None
d - Spectral Weapon       Hex/Chrm       ###.....     10%         3    ##.....

Your spell library contained the following spells:

 Spells                   Type           Power        Failure   Level  Hunger
 Regeneration             Chrm/Necr      ##........   14%         3    ##.....
 Poisonous Vapours        Pois/Air       #.....       21%         2    None
 Conjure Flame            Conj/Fire      #.......     36%         3    ##.....
 Mephitic Cloud           Conj/Pois/Air  #.......     36%         3    ##.....
 Freezing Cloud           Conj/Ice/Air   #.........   100%        6    #######
 Ring of Flames           Chrm/Fire      ##........   100%        7    #######


Dungeon Overview and Level Annotations

Branches:
Dungeon (9/15)             Temple (0/1) D:6
   Lair: D:8-11         Orc: D:9-12

Altars:
Dithmenos
Elyvilon
Fedhas
Gozag
Hepliaklqana
Qazlal
Ru
Wu Jian
Yredelemnul
The Shining One


Innate Abilities, Weirdness & Mutations

You are too large for most types of armour.
You have tough skin. (AC +1)


Message History

Really abort (and waste the scroll)? [Y]es or [N]o only, please.
Really abort (and waste the scroll)? [Y]es or [N]o only, please.
Really abort (and waste the scroll)? [Y]es or [N]o only, please.
Really abort (and waste the scroll)?
Really abort (and waste the scroll)?
Okay, then.
The eight-headed hydra bites you!
* * * LOW HITPOINT WARNING * * *
The eight-headed hydra closely misses you.
The eight-headed hydra bites you.
* * * LOW HITPOINT WARNING * * *
The eight-headed hydra bites you but does no damage.
The eight-headed hydra closely misses you.
The eight-headed hydra bites you!
* * * LOW HITPOINT WARNING * * *
The eight-headed hydra bites you!
You die...

##### #####...#
#.....#.# ##.#..#.###
#.#......# ###
#.#....#.# .. ######
#.#......# .#
#....###.#.###..##.##.#
'....'......<...@D...>#
#....###.#...#.########
#....# #.#####.# #....#
#.......# #....#
######### #....# #.....
#...... #.......


You could see an eight-headed hydra.

Vanquished Creatures
  Pikel (D:6)
  A troll (D:9)
  Prince Ribbit (D:5)
  A hippogriff (D:8)
  Sigmund (D:5)
  A wyvern (D:9)
  Eustachio (D:4)
  2 hungry ghosts
  Menkaure (D:7)
  Duvessa (D:6)
  A water moccasin (D:7)
  3 sky beasts
  4 slaves (D:6)
  An orc warrior (D:9)
  2 phantoms
  2 black bears
  6 ogres
  A centaur (D:8)
  A big kobold (D:8)
  4 bullfrogs
  A gnoll sergeant (D:8)
  Dowan (D:6)
  3 scorpions
  17 wights
  4 howler monkeys
  2 crimson imps
  2 quasits
  3 centaur zombies
  3 hounds
  A centaur skeleton (D:6)
  A gnoll shaman (D:6)
  An iguana (D:4)
  2 orc priests
  7 orc wizards
  Crazy Yiuf (D:7)
  A bullfrog skeleton (D:6)
  4 worker ants
  A hound skeleton (D:5)
  2 worker ant zombies
  6 adders
  10 gnolls
  2 shadow imps
  An ooze (D:2)
  5 adder skeletons
  3 worms (D:2)
  2 dart slugs (D:1)
  5 leopard geckos
  27 orcs
  10 giant cockroaches
  9 goblins
  8 hobgoblins
  13 jackals
  5 quokkas
  6 bats
  A frilled lizard (D:1)
  12 kobolds
  A leopard gecko zombie (D:7)
  2 quokka skeletons
  13 rats
234 creatures vanquished.

Vanquished Creatures (others)
  2 fungi (D:7)
  3 spectral weapons
5 creatures vanquished.

Grand Total: 239 creatures vanquished

Notes
Turn   | Place    | Note
-------+----------+-------------------------------------------
     0 | D:1      | DarthUnicorn the Ogre Skald began the quest for the Orb.
     0 | D:1      | Reached XP level 1. HP: 22/22 MP: 3/3
   214 | D:1      | Reached XP level 2. HP: 15/29 MP: 0/5
   220 | D:1      | Learned a level 2 spell: Song of Slaying
   223 | D:1      | Learned a level 2 spell: Shroud of Golubria
   530 | D:1      | Reached XP level 3. HP: 31/36 MP: 3/6
   836 | D:2      | Found a shadowy altar of Dithmenos.
   844 | D:2      | Noticed a scorpion
   914 | D:2      | Found an opulent altar of Gozag.
   915 | D:2      | Found a white marble altar of Elyvilon.
   916 | D:2      | Found a stormy altar of Qazlal.
   917 | D:2      | Found a basalt altar of Yredelemnul.
   918 | D:2      | Found a blossoming altar of Fedhas.
   919 | D:2      | Found an ornate altar of the Wu Jian Council.
   921 | D:2      | Found a hazy altar of Hepliaklqana.
   928 | D:2      | Became a worshipper of Elyvilon the Healer
  1010 | D:2      | Reached XP level 4. HP: 17/45 MP: 4/7
  1017 | D:2      | Learned a level 3 spell: Spectral Weapon
  1499 | D:3      | Noticed a sky beast
  1556 | D:2      | Reached XP level 5. HP: 53/53 MP: 3/9
  1995 | D:3      | Found a glowing golden altar of the Shining One.
  2001 | D:3      | Fell from the grace of Elyvilon
  2001 | D:3      | Became a worshipper of the Shining One
  2070 | D:3      | Killed a sky beast
  2070 | D:3      | Reached skill level 1 in Translocations
  2070 | D:3      | Reached XP level 6. HP: 61/62 MP: 1/11
  2404 | D:4      | Noticed a hungry ghost
  2413 | D:4      | Killed a hungry ghost
  2413 | D:4      | Reached XP level 7. HP: 70/70 MP: 4/13
  2938 | D:4      | Noticed Eustachio
  2974 | D:4      | Killed Eustachio
  2974 | D:4      | Reached skill level 1 in Hexes
  3167 | D:5      | Entered Level 5 of the Dungeon
  3167 | D:5      | Reached * piety under the Shining One
  3422 | D:4      | Reached XP level 8. HP: 40/78 MP: 2/14
  3521 | D:5      | Noticed Prince Ribbit
  3579 | D:5      | Killed Prince Ribbit
  3579 | D:5      | Reached skill level 5 in Maces & Flails
  3579 | D:5      | Reached skill level 5 in Spellcasting
  3695 | D:5      | Noticed Sigmund
  3707 | D:5      | Killed Sigmund
  3926 | D:6      | Reached skill level 5 in Charms
  4001 | D:6      | Noticed Duvessa
  4019 | D:6      | Noticed Dowan
  4379 | D:6      | Reached XP level 9. HP: 85/85 MP: 11/18
  4402 | D:6      | Found a staircase to the Ecumenical Temple.
  4480 | D:6      | Noticed Pikel
  4504 | D:6      | Killed Pikel
  4504 | D:6      | Reached skill level 5 in Fighting
  4603 | D:5      | Reached ** piety under the Shining One
  4848 | D:6      | Killed Duvessa
  4854 | D:6      | Killed Dowan
  5249 | D:7      | Reached skill level 5 in Dodging
  5294 | D:7      | Found a runed translucent door.
  5295 | D:7      | Noticed Crazy Yiuf
  5311 | D:7      | Killed Crazy Yiuf
  5365 | D:7      | Noticed Menkaure
  5468 | D:7      | Killed Menkaure
  5628 | D:7      | Found a sacrificial altar of Ru.
  5795 | D:7      | Reached XP level 10. HP: 98/98 MP: 16/21
  5854 | D:7      | Reached *** piety under the Shining One
  7080 | D:9      | Reached **** piety under the Shining One
  7337 | D:9      | Noticed an eight-headed hydra
  7341 | D:9      | HP: 4/102 [eight-headed hydra (8)]
  7341 | D:9      | Mangled by an eight-headed hydra

Levels and vault maps discovered:
D:1:      dpeg_arrival_arbitrary_c, layout_basic
D:2:      layout_loops_ring, minitemple, first_ration
D:3:      layout_basic, nicolae_tso_carved_into_rock
D:4:      layout_basic, kennysheep_big_empty_room, uniq_eustachio
D:5:      layout_rooms, uniq_sigmund, uniq_prince_ribbit1
D:6:      layout_basic, temple_green, hangedman_abyss_or_decor_passed,
          uniq_pikel, uniq_duvessa
D:7:      layout_rooms, nicolae_ru_the_path_less_chosen, uniq_menkaure,
          uniq_crazy_yiuf_cottage
D:8:      layout_basic
D:9:      layout_basic, bloody_trog, dpeg_lair_monsters

Skill      XL: |  1  2  3  4  5  6  7  8  9 10 |
---------------+-------------------------------+-----
Charms         | 3 4 5 |  5.0
Maces & Flails | 2 3 4 5 7 9 |  9.0
Fighting       | 3 4 6 7 |  7.4
Spellcasting   | 3 4 6 7 9 |  9.2
Translocations | 1 2 |  2.0
Dodging        | 3 4 5 |  5.8
Hexes          | 1 2 |  2.0
Armour         | |  0.1
Evocations     | |  0.9

Action                   |  1- 3 |  4- 6 |  7- 9 | 10-12 || total
-------------------------+-------+-------+-------+-------++-------
Melee: Mace              |   112 |   124 |   144 |       ||   380
       Flail             |       |       |   163 |   163 ||   326
Throw: Dart              |       |    36 |    22 |       ||    58
       Large rock        |       |       |       |     3 ||     3
 Cast: Infusion          |     4 |       |     1 |     1 ||     6
       Shroud of Golubri |     8 |    14 |    60 |    24 ||   106
       Song of Slaying   |     1 |     3 |     3 |     4 ||    11
       Spectral Weapon   |       |     7 |    37 |    18 ||    62
Evoke: Wand              |       |       |     6 |     4 ||    10
  Use: Potion            |     2 |       |       |       ||     2
       Scroll            |       |       |       |     2 ||     2
  Eat: Chunk             |     1 |     7 |    14 |     7 ||    29
       Ration            |       |       |     1 |       ||     1
Armor: Robe              |    36 |    33 |    69 |    24 ||   162
       Troll leather arm |       |       |       |     5 ||     5
Dodge: Dodged            |    54 |    80 |   170 |    89 ||   393
